AoeStats
← Fulpixsicarius

Fortress

509949383Analyzed
4v4 RM · 3d ago on Sep 28, 2026· 38m 39s· 8 players
Game mode
Random Map
Map size
Huge
Population
200
Speed
Normal
Resources
Standard
Victory
Conquest
Starting age
Dark Age
Ending age
Imperial Age
RankedLock teamsTeams togetherTeam positionsShared explorationLock speedFull tech treeHidden civsTurbo modeCheats
Victory
Defeat
🇺🇦 Britons · Ukraine
799
+13
🇭🇺 Berbers · Hungary
741
+16
🇳🇱 Bohemians · Netherlands
730
+16
🇩🇪 Slavs · Germany
600
+30
🇺🇸 Franks · United States
786
-19
🇮🇹 Huns · Italy
766
-18
🇪🇨 Danes · Ecuador
734
-17
🇩🇪 Turks · Germany
654
-13
Fulpixsicarius
11:24 Feudal Age
11:53 Town Watch
12:44 Wheelbarrow
11:55 Horse Collar
12:02 Double-Bit Axe
17:26 Castle Age
18:13 Caravan
18:27 Bow Saw
23:17 Chemistry
23:02 Ballistics
23:08 Fletching
24:14 Heavy Plow
24:18 Murder Holes
26:19 Masonry
26:17 Loom
26:18 Town Watch
27:03 Sanctity
26:54 Fervor
30:10 Wagenburg Tactics
37:32 Imperial Age
38:06 Wheelbarrow
37:32 Town Patrol
37:32 Bodkin Arrow
37:39 Elite Hussite Wagon
37:45 Elite Hussite Wagon
Enormusz
8:12 Feudal Age
9:30 Horse Collar
11:00 Double-Bit Axe
12:00 Loom
15:15 Fletching
15:26 Padded Archer Armor
15:33 Scale Barding Armor
15:40 Forging
17:38 Castle Age
15:53 Forging
15:43 Scale Mail Armor
18:55 Heavy Plow
19:44 Kasbah
19:54 Padded Archer Armor
20:23 Stone Mining
20:26 Gold Mining
21:24 Bow Saw
22:40 Caravan
23:14 Coinage
26:18 Fortified Wall
26:06 Murder Holes
30:41 Ballistics
30:03 Treadmill Crane
31:39 Bloodlines
31:30 Husbandry
37:32 Imperial Age
35:39 Wheelbarrow
34:58 Town Watch
35:34 Scale Barding Armor
36:05 Iron Casting
35:46 Chain Mail Armor
37:44 Bodkin Arrow
38:10 Chain Barding Armor
38:55 Chain Barding Armor
39:36 Blast Furnace
39:08 Plate Mail Armor
38:34 Bodkin Arrow
38:54 Leather Archer Armor
erny_152
7:08 Feudal Age
7:40 Horse Collar
7:46 Double-Bit Axe
12:08 Wheelbarrow
14:20 Castle Age
16:06 Hand Cart
17:19 Heavy Plow
17:56 Bow Saw
19:14 Gold Mining
19:20 Stone Mining
19:25 Fletching
19:42 Loom
19:51 Town Watch
20:26 Padded Archer Armor
23:36 Gold Shaft Mining
23:33 Bodkin Arrow
25:00 Town Patrol
26:08 Ballistics
30:08 Imperial Age
28:21 Yeomen
29:28 Fortified Wall
31:25 Conscription
32:22 Elite Longbowman
33:25 Leather Archer Armor
33:20 Herbal Medicine
37:29 Hoardings
37:11 Masonry
38:04 Chemistry
38:20 Bracer
38:50 Ring Archer Armor
Moonchild
0:58 Loom
8:02 Feudal Age
9:17 Double-Bit Axe
10:28 Wheelbarrow
10:34 Scale Barding Armor
10:30 Scale Mail Armor
10:42 Forging
10:30 Fletching
10:49 Horse Collar
15:28 Gold Mining
15:29 Stone Mining
15:42 Padded Archer Armor
20:46 Castle Age
20:02 Town Watch
22:23 Gold Shaft Mining
28:04 Bow Saw
31:58 Chain Barding Armor
31:54 Chain Mail Armor
32:14 Iron Casting
31:56 Leather Archer Armor
33:13 Husbandry
33:52 Ballistics
teotto92
7:43 Feudal Age
9:12 Double-Bit Axe
15:00 Castle Age
13:09 Horse Collar
15:47 Bloodlines
25:07 Imperial Age
24:36 Padded Archer Armor
24:26 Fletching
25:10 Bow Saw
25:39 Heavy Plow
26:02 Leather Archer Armor
25:41 Light Cavalry
27:42 Wheelbarrow
27:40 Town Watch
28:32 Conscription
28:13 Bodkin Arrow
29:34 Hand Cart
31:08 Two-Man Saw
29:58 Loom
30:31 Bracer
31:06 Town Patrol
30:54 Elite Skirmisher
32:36 Caravan
32:09 Cavalier
32:50 Husbandry
34:29 Parthian Tactics
34:41 Thumb Ring
38:02 Heavy Cavalry Archer
Laulipauliquappenkauli
10:15 Feudal Age
11:00 Double-Bit Axe
10:59 Horse Collar
11:14 Gold Mining
13:02 Stone Mining
13:52 Wheelbarrow
17:12 Castle Age
14:52 Man-at-Arms
15:36 Scale Mail Armor
20:26 Chain Mail Armor
19:51 Long Swordsman
24:53 Wheelbarrow
24:58 Gold Shaft Mining
24:43 Heavy Plow
28:38 Imperial Age
29:46 Two-Handed Swordsman
KAISER962605
7:13 Feudal Age
8:15 Double-Bit Axe
8:25 Gold Mining
8:53 Horse Collar
14:15 Castle Age
13:15 Fletching
15:33 Forging
16:17 Scale Mail Armor
17:33 Stone Mining
22:28 Elite Skirmisher
28:36 Thumb Ring
30:22 Bow Saw
34:33 Imperial Age
Scott
9:15 Feudal Age
16:45 Castle Age
17:23 Wheelbarrow
16:38 Double-Bit Axe
17:47 Bow Saw
18:11 Gold Mining
19:44 Gold Shaft Mining
24:56 Scale Barding Armor
25:01 Forging
29:49 Imperial Age
29:51 Cavalier
31:02 Chain Barding Armor
31:18 Iron Casting
Connection lost

Rejoining the realm…

Still unreachable

The connection could not be restored.

Session expired

The server has moved on; the page needs a fresh start.